 Dungeon Crawl Stone Soup version 0.28-a0-706-gf6f64a616a (webtiles) character file.

Game seed: 11658633356403606375

341 ytrimaz the Covered (level 6, -6/49 HPs)
             Began as a Formicid Fighter on Oct 24, 2021.
             Was a Follower of Okawaru.
             Killed by divine providence
             ... invoked by an orc priest
              (16 damage)
             ... on level 5 of the Dungeon.
             The game lasted 00:05:57 (4318 turns).

ytrimaz the Covered (Formicid Fighter)              Turns: 4318, Time: 00:05:57

Health: -6/49      AC: 12    Str: 22    XL:     6   Next: 87%
Magic:  6/6        EV:  8    Int:  8    God:    Okawaru [*.....]
Gold:   139        SH:  4    Dex: 10    Spells: 5/5 levels left

rFire   . . .      SeeInvis +   a - +0 war axe
rCold   . . .      Faith    .   c - +0 buckler
rNeg    + . .      Spirit   .   g - +2 chain mail {rN+}
rPois   .          Reflect  .   (helmet unavailable)
rElec   .          Harm     .   (no cloak)
rCorr   .          Rampage  .   (no gloves)
Will    .....                   (no boots)
Stlth   ..........              (no amulet)
HPRegen 0.16/turn               (no ring)
MPRegen 0.10/turn               (no ring)

@: lethally poisoned (-6 -> -8)
A: permanent stasis, dig shafts and tunnels, antennae 3, four strong arms
a: Dig, Shaft Self, Renounce Religion, Heroism


You were on level 5 of the Dungeon.
You worshipped Okawaru.
Okawaru was aware of your devotion.
You visited 2 branches of the dungeon, and saw 6 of its levels.

You collected 139 gold pieces.

Inventory:

Hand Weapons
 a - a +0 war axe (weapon)
Armour
 c - a +0 buckler (worn)
 g - a +2 chain mail of positive energy (worn)
 i - a +0 plate armour
Scrolls
 b - a scroll of identify
 f - a scroll of fear
 j - 2 scrolls of blinking {unknown}
Potions
 d - a potion of brilliance
 e - a potion of curing
 h - a potion of mutation
 k - a potion of lignification {unknown}


   Skills:
 * Level 4.4 Fighting
 + Level 4.4 Axes
 * Level 5.6 Armour
 - Level 3.6 Shields
 * Level 0.5 Invocations


You had 5 spell levels left.
You didn't know any spells.
Your spell library contained the following spells:

 Spells                   Type           Power      Damage    Failure   Level
 Magic Dart               Conj           0%         1d3       97%         1
 Conjure Flame            Conj/Fire      0%         6-21      100%        3
 Ignite Poison            Fire/Tmut/Pois 0%         N/A       100%        3
 Inner Flame              Hex/Fire       0%         N/A       100%        3
 Mephitic Cloud           Conj/Pois/Air  0%         N/A       100%        3
 Cause Fear               Hex            0%         N/A       100%        4
 Hailstorm                Conj/Ice       0%         3d3       100%        4
 Ice Form                 Ice/Tmut       0%         N/A       100%        4
 Sticky Flame             Conj/Fire      0%         2d3       100%        4
 Discord                  Hex            0%         N/A       100%        8


Dungeon Overview and Level Annotations

Branches:
Dungeon (5/15)             Temple (1/1) D:4

Altars:
Ashenzari
Cheibriados
Dithmenos
Elyvilon
Gozag
Hepliaklqana
Kikubaaqudgha
Makhleb
Nemelex Xobeh
Okawaru
Qazlal
Ru
Sif Muna
Vehumet
Wu Jian
Yredelemnul
The Shining One


Innate Abilities, Weirdness & Mutations

You cannot be hasted, slowed, berserked, paralysed or teleported.
You can dig through walls and to a lower floor.
You have a pair of large antennae on your head. (SInv)
Your four strong arms can wield two-handed weapons with a shield.


Message History

The orc hits you with a +0 mace.
You barely miss the orc priest.
The orc priest is almost dead.
You miss the adder. You closely miss the orc. The adder bites you.
You are poisoned.
The adder poisons you!
The orc priest miscasts a cantrip.
The orc hits you but does no damage. The adder bites you but does no damage.
You miss the adder. You closely miss the orc priest. You closely miss the orc.
You feel very sick.
The orc priest miscasts a cantrip.
The adder bites you but does no damage. The orc barely misses you.
The orc priest hits you but does no damage.
The adder bites you.
You are more poisoned.
The adder poisons you!
You closely miss the orc priest.
The orc priest is severely wounded.
You hit the adder. You slash the orc!
You kill the orc!
Okawaru accepts your kill.
You feel very sick. The adder bites you but does no damage.
The orc priest hits you but does no damage.
You slash the adder!
You kill the adder!
Okawaru accepts your kill.
You can now gain great but temporary skills.
You closely miss the orc priest.
You feel sick.
The orc priest hits you but does no damage.
You barely miss the orc priest.
The orc priest is severely wounded.
You feel sick.
The orc priest hits you but does no damage. x2
You closely miss the orc priest.
The orc priest is severely wounded.
You feel sick.
The orc priest invokes the aid of Beogh against you.
Beogh smites you!
You die...

......###
........#
#.......# .
#.......# >.
#.......# ...
#.......# ....
#)o)....# .....
+.@)....#
......##..)....#
.......<.......#
......###.....##
..... +....##
.... #....# ...
.....# .. #.####
. #.#


You could see an orc priest.

Vanquished Creatures
  A steam dragon (D:4)
  A jelly (D:4)
  Terence (D:2)
  Robin (D:2)
  8 adders
  A dart slug (D:3)
  5 orcs
  4 bats
  5 endoplasms
  A giant cockroach (D:3)
  11 goblins
  8 hobgoblins
  6 kobolds
  2 quokkas
  7 ball pythons
  3 frilled lizards (D:2)
  4 rats
69 creatures vanquished.

Notes
Turn   | Place    | Note
-------+----------+-------------------------------------------
     0 | D:1      | ytrimaz the Formicid Fighter began the quest for the Orb.
     0 | D:1      | Reached XP level 1. HP: 18/18 MP: 1/1
   303 | D:1      | Reached XP level 2. HP: 20/24 MP: 2/2
   501 | D:1      | Found a faded altar of an unknown god.
   843 | D:1      | Reached XP level 3. HP: 22/29 MP: 3/3
  1225 | D:2      | You fall into a shaft and drop 1 floor!
  1265 | D:2      | Reached skill level 4 in Armour
  1599 | D:2      | Noticed Robin
  1623 | D:2      | Reached XP level 4. HP: 24/37 MP: 4/4
  1644 | D:2      | Killed Robin
  1863 | D:2      | Got Sif Muna's Tome of Attacks and the Snowflakes
  2080 | D:2      | Noticed Terence
  2094 | D:2      | Killed Terence
  2095 | D:2      | Reached XP level 5. HP: 8/42 MP: 5/5
  3081 | D:4      | Found a staircase to the Ecumenical Temple.
  3135 | Temple   | Entered the Ecumenical Temple
  3278 | Temple   | Became a worshipper of Warmaster Okawaru
  3639 | D:4      | Noticed a steam dragon
  3649 | D:4      | Killed a steam dragon
  3650 | D:4      | Reached skill level 5 in Armour
  3650 | D:4      | Reached XP level 6. HP: 25/49 MP: 6/6
  3925 | D:4      | Found a radiant altar of Vehumet.
  4299 | D:5      | Entered Level 5 of the Dungeon
  4316 | D:5      | Reached * piety under Okawaru
  4318 | D:5      | Killed from afar by an orc priest

Illustrated notes

Levels and vault maps discovered:
D:1:      dpeg_arrival_rhombus, layout_loops_ring,
          dreamdust_ecumenical_altar_angels_and_demons, st_stairs_6,
          minmay_curled_crystal, minmay_misc_feat_hallway
D:2:      layout_loops_ring, uniq_terence, uniq_robin
D:3:      layout_rooms
D:4:      layout_loops_ring, vehumet_crystals, temple_doors_e
D:5:      layout_basic, kb_lookout_dungeons_type
Temple:   nicolae_temple_elliptical

Skill      XL: |  1  2  3  4  5 |
---------------+----------------+-----
Armour         | 4 5 |  5.6
Axes           | 3 4 |  4.4
Fighting       | 4 |  4.4
Shields        | |  3.6
Invocations    | |  0.5

Action                   |  1- 3 |  4- 6 || total
-------------------------+-------+-------++-------
Melee: War axe           |    96 |   134 ||   230
  Use: Scroll            |     3 |     4 ||     7
       Potion            |     1 |     2 ||     3
Armor: Scale mail        |    55 |    35 ||    90
       Chain mail        |       |    37 ||    37
Dodge: Dodged            |    52 |    73 ||   125
Block: Buckler           |    16 |    46 ||    62

Table legend: (Time is in decaauts)
 A = Elapsed time spent in this place.
 B = Non-inter-level travel time spent in this place.
 C = Inter-level travel time spent in this place.
 D = Time resting spent in this place.
 E = Time spent auto-exploring this place.
 F = Levels seen in this place.
 G = Mean time per level.
                   A        B        C        D        E       F      G
               +--------+--------+--------+--------+--------+-----+--------+
         Total |   4397 |   4320 |     77 |    590 |   2993 |   6 |  732.8 |
       Dungeon |   4229 |   4174 |     55 |    590 |   2875 |   5 |  845.8 |
        Temple |    168 |    146 |     22 |      0 |    118 |   1 |  168.0 |
               +--------+--------+--------+--------+--------+-----+--------+

Top non-repeatable levels by time:
     D:2: 1647 daAuts
     D:1: 1158 daAuts
     D:4: 1092 daAuts
     D:3: 308 daAuts
  Temple: 168 daAuts
     D:5: 22 daAuts
